 Dungeon Crawl Stone Soup version 0.22-a0-580-gd5db89c (webtiles) character file.

5815 galech the Fighter (level 10, -10/114 HPs)
             Began as an Ogre Berserker on July 2, 2018.
             Was an Elder of Trog.
             Mangled by a two-headed ogre
             ... wielding a +0 giant club
              (16 damage)
             ... on level 9 of the Dungeon.
             The game lasted 00:12:57 (9928 turns).

galech the Fighter (Ogre Berserker)                 Turns: 9928, Time: 00:12:58

Health: -10/114    AC:  5    Str: 31    XL:     10   Next: 79%
Magic:  10/10      EV: 12    Int:  8    God:    Trog [****..]
Gold:   496        SH:  0    Dex:  8    Spells: 9/9 levels left

rFire    . . .     SeeInvis .   y - +2 whip (drain)
rCold    . . .     Gourm    .   (no shield)
rNeg     + . .     Faith    .   u - +2 robe {Archmagi}
rPois    .         Spirit   .   (helmet restricted)
rElec    .         Reflect  .   (no cloak)
rCorr    .         Harm     .   (gloves unavailable)
MR       +....                  (boots unavailable)
Stlth    +.........             (no amulet)
HPRegen  0.29/turn              D - ring of positive energy
MPRegen  0.12/turn              m - +5 ring of strength

@: confused, berserk cooldown, slowed, very slow
A: large, unfitting armour, tough skin 1
a: Berserk, Trog's Hand, Brothers in Arms, Renounce Religion


You were on level 9 of the Dungeon.
You worshipped Trog.
Trog was greatly pleased with you.
You were very hungry.

You visited 1 branch of the dungeon, and saw 9 of its levels.

You collected 496 gold pieces.

Inventory:

Hand Weapons
 a - a +0 mace
 y - a +2 whip of draining (weapon)
 I - a +1 flail of protection
Armour
 u - a +2 robe of the Archmagi (worn)
Jewellery
 i - an uncursed ring of magical power
 m - a +5 ring of strength (right hand)
 C - an uncursed ring of ice
 D - a ring of positive energy (left hand)
 G - an uncursed ring of flight
Wands
 k - a wand of polymorph (21)
 l - a wand of clouds (5)
 n - a wand of disintegration (10)
 F - a wand of enslavement (11)
Scrolls
 b - 2 scrolls of fog
 g - 7 scrolls of remove curse
 p - 4 scrolls of enchant armour
 r - a scroll of noise
 t - 3 scrolls of amnesia
 v - 2 scrolls of immolation
 w - 2 scrolls of magic mapping
 B - a scroll of identify
 J - 3 scrolls of blinking {unknown}
Potions
 d - 7 potions of curing {unknown}
 e - a potion of degeneration {unknown}
 f - 2 potions of flight {unknown}
 h - 3 potions of heal wounds {unknown}
 o - a potion of ambrosia {unknown}
 q - a potion of brilliance {unknown}
 s - a potion of might
 x - a potion of magic {unknown}
 z - a potion of experience {unknown}
 A - a potion of haste
 E - a potion of invisibility
Comestibles
 c - 11 rations
 j - 5 chunks of flesh


   Skills:
 + Level 11.2 Fighting
 + Level 10.5 Maces & Flails
 + Level 7.3 Dodging
 + Level 2.0 Stealth


You had 9 spell levels left.
You didn't know any spells.
Your spell library was empty.

Dungeon Overview and Level Annotations

Branches:
Dungeon (9/15)             Temple (0/1) D:7
   Lair: D:8-11         Orc: D:9-12

Altars:
Cheibriados
Fedhas
Gozag
Hepliaklqana
Uskayaw
Vehumet
Wu Jian
Xom

Shops:
D:6 }


Innate Abilities, Weirdness & Mutations

You are too large for most types of armour.
You have tough skin. (AC +1)


Message History

The hippogriff claws you!
* * * LOW HITPOINT WARNING * * *
You bump into the rock wall.
Something hits you but does no damage. The hippogriff bites you.
* * * LOW HITPOINT WARNING * * *
The hippogriff misses you. The hippogriff barely misses you.
Something hits you.
* * * LOW HITPOINT WARNING * * *
You bump into the rock wall.
The two-headed ogre hits you with a giant club.
* * * LOW HITPOINT WARNING * * *
The two-headed ogre misses you. The hippogriff bites you.
* * * LOW HITPOINT WARNING * * *
The hippogriff pecks you.
* * * LOW HITPOINT WARNING * * *
The hippogriff claws you but does no damage.
You hear some strange, mumbled words.
Something tries to affect you, but you resist.
The two-headed ogre hits you with a giant club!
You die...

.####.#
#####.#...###.....#..e
.# #.#
#.#........#.[#..# .#
#.# #.##.......#######
.# #.# #..........# # .#
#.# #.....###.... .. <#
#.# #......# .... #.. .#
#.# #...#..# #.. ....
.###############H{.####
.......
................@#.#
###..
.................O....#
.....................##
################........
#.# #..#..... #.#
#..#...... #.#
#..'...... #.# #### ....


You could see a two-headed ogre and a hippogriff.

Vanquished Creatures
  2 two-headed ogres (D:8)
  A skeletal warrior (D:9)
  2 hippogriffs
  A hungry ghost (D:8)
  3 orc warriors
  3 ice beasts
  3 sky beasts
  A black bear (D:6)
  2 phantoms
  4 centaurs
  An ogre (D:5)
  Blork the orc (D:4)
  4 bullfrogs
  A gnoll sergeant (D:6)
  6 wights
  2 howler monkeys
  2 crimson imps
  A bullfrog zombie (D:7)
  6 hounds
  6 orc priests
  2 bullfrog skeletons
  A gnoll shaman (D:5)
  A centaur skeleton (D:4)
  5 orc wizards
  Natasha (thrice) (D:3)
  3 iguanas
  3 worker ants
  2 hound skeletons (D:5)
  11 gnolls
  8 adders
  3 shadow imps
  An ooze (D:6)
  An adder skeleton (D:8)
  2 worms
  A dart slug (D:1)
  5 leopard geckos
  41 orcs
  A ball python (D:4)
  3 giant cockroaches
  3 goblins
  2 hobgoblins
  11 jackals
  3 kobolds
  2 quokkas
  6 bats
  4 frilled lizards
  A leopard gecko skeleton (D:9)
  A leopard gecko zombie (D:5)
  A quokka skeleton (D:5)
  7 rats
190 creatures vanquished.

Notes
Turn   | Place    | Note
-------+----------+-------------------------------------------
     0 | D:1      | galech the Ogre Berserker began the quest for the Orb.
     0 | D:1      | Reached XP level 1. HP: 24/24 MP: 1/1
    93 | D:1      | Reached XP level 2. HP: 28/32 MP: 2/2
   418 | D:2      | Reached XP level 3. HP: 37/40 MP: 3/3
   472 | D:2      | Reached ** piety under Trog
   945 | D:2      | Reached skill level 5 in Fighting
   945 | D:2      | Reached XP level 4. HP: 15/50 MP: 4/4
  1457 | D:3      | Noticed Natasha
  1464 | D:3      | Killed Natasha
  1464 | D:3      | Reached XP level 5. HP: 30/57 MP: 5/5
  1508 | D:3      | Noticed Natasha
  1518 | D:3      | Killed Natasha
  1624 | D:3      | Reached XP level 6. HP: 42/67 MP: 6/6
  1900 | D:3      | Noticed Natasha
  1934 | D:3      | Killed Natasha
  2244 | D:4      | Reached skill level 6 in Fighting
  2731 | D:4      | Noticed Blork the orc
  2737 | D:4      | Killed Blork the orc
  2915 | D:4      | Reached skill level 5 in Maces & Flails
  3227 | D:5      | Entered Level 5 of the Dungeon
  3260 | D:5      | Reached XP level 7. HP: 66/76 MP: 7/7
  3274 | D:5      | Found a radiant altar of Vehumet.
  3539 | D:5      | Reached *** piety under Trog
  4271 | D:5      | Reached skill level 7 in Fighting
  4271 | D:5      | Reached XP level 8. HP: 52/87 MP: 8/8
  5106 | D:5      | Reached skill level 1 in Stealth
  5320 | D:6      | Reached skill level 5 in Dodging
  5475 | D:6      | Found Vyal's Gadget Boutique.
  5709 | D:6      | Reached skill level 8 in Fighting
  6058 | D:6      | Found a shadowy altar of Dithmenos.
  6060 | D:6      | Found a white marble altar of Elyvilon.
  6060 | D:6      | Found an opulent altar of Gozag.
  6071 | D:6      | Reached XP level 9. HP: 85/96 MP: 9/9
  6073 | D:6      | Found a blossoming altar of Fedhas.
  6073 | D:6      | Found a shimmering altar of Xom.
  6073 | D:6      | Found a radiant altar of Vehumet.
  6149 | D:7      | Found a staircase to the Ecumenical Temple.
  7114 | D:7      | Reached skill level 9 in Fighting
  7671 | D:7      | Reached **** piety under Trog
  8144 | D:8      | Noticed a two-headed ogre
  8153 | D:8      | Killed a two-headed ogre
  8153 | D:8      | Reached skill level 10 in Fighting
  8153 | D:8      | Reached XP level 10. HP: 110/110 MP: 10/10
  8376 | D:8      | Found a hazy altar of Hepliaklqana.
  8379 | D:8      | Found a snail-covered altar of Cheibriados.
  8379 | D:8      | Found a blossoming altar of Fedhas.
  8380 | D:8      | Found a hide-covered altar of Uskayaw.
  8555 | D:8      | Noticed a two-headed ogre
  8562 | D:8      | Killed a two-headed ogre
  8562 | D:8      | Reached skill level 10 in Maces & Flails
  8808 | D:8      | Found an ornate altar of the Wu Jian Council.
  9161 | D:9      | Found a radiant altar of Vehumet.
  9163 | D:9      | Noticed a skeletal warrior
  9181 | D:9      | Killed a skeletal warrior
  9181 | D:9      | Reached skill level 11 in Fighting
  9487 | D:9      | Noticed a deep elf mage
  9488 | D:9      | Noticed a deep elf mage
  9910 | D:9      | Noticed a two-headed ogre
  9928 | D:9      | Mangled by a two-headed ogre

Vault maps used:
D:1:      evilmike_arrival_plus, hex_medium
D:3:      first_ration, cheibrodos_gnoll_hut, uniq_natasha
D:4:      uniq_blork_the_orc
D:5:      vehumet_crystals, solitary_fountain
D:6:      serial_shops, shop, doesnt_xom_only_xom
D:7:      nicolae_whirlpool, temple_statues, hangedman_abyss_or_decor_stagger
D:8:      chequers_temple_overflow_statue_of_worship, overflow_temple_1_default
D:9:      hangedman_cross_cluster, serial_co_window_serial, co_window_corner_a,
          co_window_paths_b, co_window_corner_a, co_window_corner_a,
          co_window_of_opportunity_a, co_window_2corner, co_window_broadway_a,
          co_window_broadway_c, co_window_corner_b, co_window_broadway_a,
          glass_columns_c, glass_columns_b, glass_columns_a, glass_columns_c,
          serial_shops, shop, grunt_ogre_cave, uniq_gastronok

Skill      XL: |  1  2  3  4  5  6  7  8  9 10 |
---------------+-------------------------------+-----
Maces & Flails | 3 4 5 6 7 9 10 | 10.5
Dodging        | 3 4 5 6 7 |  7.3
Fighting       | 5 6 7 8 10 11 | 11.2
Stealth        | 1 2 |  2.0

Action                   |  1- 3 |  4- 6 |  7- 9 | 10-12 || total
-------------------------+-------+-------+-------+-------++-------
Melee: Mace              |    89 |   140 |   176 |       ||   405
       Unarmed           |       |     2 |       |       ||     2
       Whip              |       |       |   244 |   133 ||   377
Invok: Berserk           |     1 |    11 |     8 |     4 ||    24
  Use: Scroll            |       |       |     9 |     2 ||    11
  Eat: Chunk             |     1 |    18 |    19 |     6 ||    44
       Ration            |       |       |     1 |     1 ||     2
Armor: Animal skin       |    31 |    22 |       |       ||    53
       Robe              |       |     8 |    84 |    21 ||   113
Dodge: Dodged            |    64 |    90 |   230 |    57 ||   441

Table legend:
 A = Spawn XP
 B = Non-spawn XP
 C = Spawn XP percentage of total XP
 D = Spawn monster count
 E = Non-spawn monster count
 F = Spawn count percentage of total count
 G = Total turns spent on level
                    A         B        C        D         E        F      G
               +---------+---------+-------+---------+---------+-------+---------
         Total |       0 |    8308 |   0.0 |       0 |     190 |   0.0 |  9928
               +---------+---------+-------+---------+---------+-------+---------
           D:1 |       0 |      28 |   0.0 |       0 |      15 |   0.0 |   363
           D:2 |       0 |      46 |   0.0 |       0 |      14 |   0.0 |   767
           D:3 |       0 |     319 |   0.0 |       0 |      25 |   0.0 |  1095
           D:4 |       0 |     209 |   0.0 |       0 |      14 |   0.0 |  1002
           D:5 |       0 |     999 |   0.0 |       0 |      33 |   0.0 |  2041
           D:6 |       0 |     838 |   0.0 |       0 |      21 |   0.0 |  1113
           D:7 |       0 |    1151 |   0.0 |       0 |      25 |   0.0 |  1518
           D:8 |       0 |    3296 |   0.0 |       0 |      31 |   0.0 |  1168
           D:9 |       0 |    1422 |   0.0 |       0 |      12 |   0.0 |   861
               +---------+---------+-------+---------+---------+-------+---------
